Map: Dasan Station LE

Players

Fropez - Winner!

  • Race: Protoss Protoss
  • League: Gold
  • Spawn Location: 12:00

Capacity

  • Race: Terran Terran
  • League: Gold
  • Spawn Location: 6:00

VOD

Have the link to the VOD?

Description

Time

  • Played on: Aug. 20, 2016, 12:08 a.m.
  • Length: 11:52
Show
View Real Time Build Order
Export as new Build Order

Fropez Protoss - Winner!

Build Orders:  

Get SALT Encoding   

  12  0:09  Pylon  
  12  0:15  Probe (Chrono Boost)  
  13  0:28  Gateway  
  13  0:30  Probe (Chrono Boost)  
  14  0:41  Probe (Chrono Boost)  
  15  0:47  Assimilator  
  15  0:52  Probe (Chrono Boost)  
  15  0:55  Pylon  
  16  1:02  Probe (Chrono Boost)  
  16  1:13  Probe (Chrono Boost)  
  16  1:16  Zealot (Chrono Boost)  
  19  1:27  Cybernetics Core  
  19  1:33  Gateway  
  19  1:37  Probe (Chrono Boost)  
  20  1:48  Probe (Chrono Boost)  
  21  1:58  Probe (Chrono Boost)  
  22  2:09  Mothership Core (Chrono Boost)  
  22  2:10  Pylon  
  22  2:13  Assimilator  
  22  2:14  Warp Gate (Chrono Boost)  
  24  2:23  Adept  
  24  2:29  Adept  
  28  2:39  Pylon  
  28  2:52  Probe  
  29  3:04  Nexus, Probe  
  30  3:13  Pylon  
  30  3:19  Probe  
  31  3:31  Probe  
  32  3:38  Gateway  
  32  3:40  Twilight Council  
  32  3:46  Twilight Council  
  32  3:48  Probe  
  33  4:06  Probe  
  34  4:14  Probe  
  35  4:18  Probe  
  36  4:25  Probe  
  36  4:29  Blink (Chrono Boost)  
  37  4:58  Adept x3  
  43  5:01  Probe  
  43  5:02  Probe  
  45  5:08  Assimilator  
  45  5:12  Pylon  
  45  5:14  Probe x2  
  46  5:19  Pylon  
  47  5:26  Gateway  
  47  5:34  Gateway  
  46  5:35  Stalker  
  46  5:36  Stalker x2  
  52  6:00  Probe, Robotics Facility  
  52  6:02  Gateway  
  52  6:03  Pylon  
  53  6:04  Stalker x3  
  53  6:05  Probe  
  60  6:12  Assimilator  
  60  6:13  Probe  
  61  6:29  Stalker x4  
  69  6:38  Probe  
  69  6:39  Probe  
  71  6:44  Pylon  
  71  6:51  Probe, Immortal (Chrono Boost)  
  76  7:00  Probe  
  76  7:02  Forge  
  77  7:14  Gateway  
  77  7:16  Probe x2, Gateway  
  79  7:26  Observer (Chrono Boost)  
  80  7:41  Stalker x4  
  88  7:54  Observer (Chrono Boost)  
  89  8:01  Probe  
  90  8:20  Probe  
  90  8:26  Stalker x4  
  90  8:27  Stalker  
  101  8:36  Pylon  
  101  8:46  Immortal (Chrono Boost)  
  101  8:48  Nexus  
  101  8:51  Pylon x2  
  91  9:20  Stalker x7  
  91  9:21  Stalker  
  91  9:24  Probe  
  107  9:25  Probe  
  107  9:28  Assimilator  
  109  9:36  Warp Prism (Chrono Boost)  
  111  9:53  Protoss Ground Armor Level 1  
  111  9:59  Stalker  
  113  10:00  Stalker  
  113  10:01  Zealot  
  95  10:50  Adept x5  
  95  10:51  Adept x2  
Show
View Real Time Build Order
Export as new Build Order

Capacity Terran 

Build Orders:  

Get SALT Encoding   

  12  0:02  SCV  
  13  0:14  SCV  
  14  0:25  Supply Depot  
  14  0:26  SCV  
  15  0:47  SCV  
  16  0:50  Supply Depot  
  16  0:55  Barracks  
  16  0:59  SCV  
  16  1:04  Refinery  
  18  1:11  SCV  
  18  1:23  SCV  
  19  1:35  SCV  
  20  1:40  Barracks  
  20  1:49  Barracks Tech Lab  
  20  1:55  Supply Depot  
  20  1:58  SCV  
  21  2:10  SCV  
  21  2:11  Refinery  
  21  2:13  Marauder  
  24  2:34  Marauder  
  26  2:53  Reaper  
  26  2:56  Reaper  
  26  2:58  Barracks  
  28  3:26  Reaper  
  29  3:28  Reaper  
  30  3:45  Supply Depot  
  30  3:50  Reaper  
  31  3:58  Reaper  
  31  4:00  Reaper  
  33  4:25  Marine  
  33  4:27  SCV  
  33  4:29  Marine  
  36  4:32  Marine  
  36  4:36  Factory  
  37  4:39  SCV  
  36  4:59  Marine x3  
  37  5:11  Barracks  
  37  5:17  Marine  
  37  5:20  Engineering Bay  
  38  5:31  Marine  
  38  5:32  Marine  
  38  5:35  Marine  
  40  5:49  Marine x2  
  40  5:59  Widow Mine  
  40  6:01  Starport  
  42  6:08  Barracks Reactor  
  42  6:09  Barracks Reactor  
  42  6:13  Combat Shields  
  42  6:15  Barracks Reactor  
  42  6:25  Marine  
  43  6:27  Widow Mine  
  43  6:30  Terran Infantry Weapons Level 1  
  45  6:39  Starport, Medivac  
  47  6:54  Supply Depot  
  47  7:15  Marine x7  
  54  7:28  Supply Depot  
  54  7:33  Marine  
  55  7:38  Supply Depot  
  55  7:50  Marine x6, Medivac  
  63  8:00  Supply Depot, Marauder, Medivac  
  67  8:07  Marine x4  
  71  8:22  Marine x2, Supply Depot, Marauder, Medivac  
  71  8:25  Marine x2  
  79  8:41  Stimpack  
  79  8:44  Marine, Medivac  
  76  9:01  Marine x4  
  76  9:02  Marine x3  
  78  9:03  Widow Mine  
  78  9:07  Command Center  
  76  9:19  Marine x2  
  78  9:32  Widow Mine  
  80  10:01  Widow Mine  
  74  10:12  Marine  
  74  10:13  Marine x4  
  76  10:15  Liberator  
  76  10:26  Marine x2  
  70  10:30  Marine x2  
  70  10:31  Marine x2  
  45  10:44  Marine x3  
  45  10:48  Marine x2  
  45  10:49  Marine  
  49  11:01  Marine  
Tags
 
League
GoldGold
Matchup
PvT
Replay Pack
All Mines
Spawn Locations
Cross Positions
Add a new tag
Caveats
  • Supply blocks, unpowered buildings, or Contaminate may cause inaccurate times.
  • Supply counts are checked every 10 seconds.